AoeStats
← jiri.hradec.jr

Hideout

510171597Analyzed
1v1 RM · 4d ago on Sep 29, 2026· 39m 26s· 2 players
Game mode
Random Map
Map size
Tiny (2 player)
Population
200
Speed
Normal
Resources
Standard
Victory
Conquest
Starting age
Dark Age
Ending age
Imperial Age
RankedLock teamsTeams togetherTeam positionsShared explorationLock speedFull tech treeHidden civsTurbo modeCheats
Victory
Defeat
🇨🇴 Sicilians · Colombia
1581
+13
🇮🇹 Burgundians · Italy
1523
-13
jiri.hradec.jr
3:15 Double-Bit Axe
10:12 Feudal Age
12:18 Bow Saw
12:09 Horse Collar
13:11 Loom
18:40 Wheelbarrow
21:40 Castle Age
20:09 Scale Barding Armor
21:36 Forging
22:43 Chain Barding Armor
Volrath
6:19 Loom
9:02 Feudal Age
9:43 Double-Bit Axe
18:47 Wheelbarrow
22:00 Castle Age
20:00 Stone Mining
20:30 Gold Mining
21:02 Scale Mail Armor
21:45 Town Watch
22:37 Pikeman
24:09 Fletching
24:37 Horse Collar
25:06 Bodkin Arrow
26:08 Chain Mail Armor
27:23 Ballistics
28:40 Herbal Medicine
33:23 Imperial Age
31:27 Bow Saw
32:11 Forging
33:30 Iron Casting
33:17 Fervor
33:32 Masonry
35:00 Plate Mail Armor
35:44 Chemistry
37:10 Squires
37:41 Halberdier
Connection lost

Rejoining the realm…

Still unreachable

The connection could not be restored.

Session expired

The server has moved on; the page needs a fresh start.